 Dungeon Crawl Stone Soup version 0.25.0-3-gd7cc5688da (webtiles) character file.

Game seed: 14012228502964299617

956 MisterFreud the Skirmisher (level 8, -2/67 HPs)
             Began as a Gnoll Wanderer on June 15, 2020.
             Was a Follower of the Shining One.
             Slain by Maurice
             ... wielding a +2 dagger of chaos
              (4 damage)
             ... on level 8 of the Dungeon.
             The game lasted 00:05:12 (3566 turns).

MisterFreud the Skirmisher (Gnoll Wanderer)         Turns: 3566, Time: 00:05:13

Health: -2/67      AC: 10    Str: 14    XL:     8   Next: 14%
Magic:  11/12      EV: 12    Int: 19    God:    the Shining One [*.....]
Gold:   319        SH:  5    Dex: 16    Spells: 12/12 levels left

rFire    . . .     SeeInvis .   s - +1 rapier (venom)
rCold    . . .     Gourm    .   i - +0 buckler
rNeg     . . .     Faith    .   b - +0 ring mail
rPois    .         Spirit   .   z - +0 helmet
rElec    .         Reflect  .   x - +0 cloak
rCorr    .         Harm     .   n - +0 pair of gloves {Dex+3}
MR       +....                  (no boots)
Stlth    +.........             (no amulet)
HPRegen  0.21/turn              u - ring of protection from magic
MPRegen  0.13/turn              (no ring)

@: mighty, lethally poisoned (-2 -> -5), glowing
A: distributed training, fangs 1, strong nose
a: Renounce Religion


You were on level 8 of the Dungeon.
You worshipped the Shining One.
The Shining One was aware of your devotion.
You were hungry.

You visited 1 branch of the dungeon, and saw 6 of its levels.

You collected 319 gold pieces.

Inventory:

Hand Weapons
 a - a +2 short sword
 s - a +1 rapier of venom (weapon)
Missiles
 h - 184 stones (quivered)
 k - 24 arrows
 o - 74 sling bullets
 C - 21 bolts
Armour
 b - a +0 ring mail (worn)
 i - a +0 buckler (worn)
 n - a +0 pair of gloves of dexterity (worn)
 x - a +0 cloak (worn)
 z - a +0 helmet (worn)
Jewellery
 p - an uncursed ring of flight {unknown}
 u - a ring of protection from magic (left hand)
Wands
 B - a wand of flame (10)
Scrolls
 e - 2 scrolls of remove curse {unknown}
 j - a scroll of random uselessness {unknown}
 l - 2 scrolls of magic mapping {unknown}
 t - 2 scrolls of immolation {unknown}
 v - 4 scrolls of teleportation {unknown}
 w - 4 scrolls of identify {unknown}
 y - a scroll of enchant armour {unknown}
 D - a scroll of noise {unknown}
Potions
 c - 2 potions of lignification
 f - a potion of resistance {unknown}
 g - 2 potions of mutation {unknown}
 m - 2 potions of curing
 q - a potion of stabbing {unknown}
 r - 2 potions of might {unknown}
 A - a potion of berserk rage {unknown}
Comestibles
 d - 11 rations


   Skills:
 + Level 7.2 Fighting
 + Level 5.5 Short Blades
 + Level 2.9 Long Blades
 + Level 2.9 Axes
 + Level 4.0 Maces & Flails
 + Level 2.9 Polearms
 + Level 2.9 Staves
 + Level 2.9 Slings
 + Level 2.9 Bows
 + Level 2.9 Crossbows
 + Level 2.9 Throwing
 + Level 5.5 Armour
 + Level 2.9 Dodging
 + Level 3.8 Stealth
 + Level 4.0 Shields
 + Level 2.9 Unarmed Combat
 + Level 2.9 Spellcasting
 + Level 2.3 Conjurations
 + Level 2.3 Hexes
 + Level 2.3 Charms
 + Level 2.3 Summonings
 + Level 2.3 Necromancy
 + Level 2.3 Translocations
 + Level 2.3 Transmutations
 + Level 2.3 Fire Magic
 + Level 2.3 Ice Magic
 + Level 2.3 Air Magic
 + Level 2.3 Earth Magic
 + Level 2.3 Poison Magic
 + Level 3.2 Invocations
 + Level 2.9 Evocations


You had 12 spell levels left.
You didn't know any spells.
Your spell library was empty.

Dungeon Overview and Level Annotations

Branches:
Dungeon (5/15)
 Temple: D:4-7

Altars:
Dithmenos
Kikubaaqudgha
Nemelex Xobeh
Ru
Uskayaw
Wu Jian
The Shining One

Annotations:
D:8 Maurice


Innate Abilities, Weirdness & Mutations

Your experience applies equally to all skills.
You have very sharp teeth.
Your uncanny sense of smell can sniff out nearby items.


Message History

Maurice puts on a burst of speed!
You barely miss Maurice.
You feel sick. Maurice says to you, "Money or life?
Never mind, I think I'll take both."
Maurice zaps a wand.
The bolt of acid misses you.
You hit Maurice. Your bite misses Maurice.
Maurice is lightly wounded.
You block Maurice's attack.
You puncture Maurice!
Maurice is moderately wounded.
You feel sick.
Maurice hits you with a +2 dagger of chaos.
* * * LOW HITPOINT WARNING * * *
Maurice steals 1 of your 3 pink potions!
You puncture Maurice!
Maurice is poisoned.
Maurice is heavily wounded.
Maurice hits you with a +2 dagger of chaos!
* * * LOW HITPOINT WARNING * * *
Maurice steals 2 of your 6 scrolls labeled VEQARCH KYWEWEV!
Maurice burns you.
You die...

##### #. #...
##...#####.########
........@@Z).†...>######
##...#####.####........#
#. ...# #........# #...#
#h.......# #...#
#.Z.@....# #...#
##..###### ###.# #.@#
#.# #†.# #..#


You could see Maurice (swift, invisible, very poisoned) and a howler monkey
zombie.

Vanquished Creatures
  Psyche (D:8)
  A phantom (D:4)
  2 bullfrogs
  A scorpion (D:4)
  A howler monkey (D:4)
  A hound (D:8)
  An orc wizard (D:4)
  Ijyb (D:3)
  3 worker ants (D:4)
  Robin (D:3)
  5 adders
  4 gnolls
  An ooze (D:3)
  An adder skeleton (D:4)
  5 worms
  3 dart slugs
  A leopard gecko (D:4)
  7 orcs
  3 ball pythons
  11 bats
  A giant cockroach (D:2)
  15 goblins
  6 hobgoblins
  7 jackals
  5 kobolds
  4 frilled lizards
  7 rats
99 creatures vanquished.

Notes
Turn   | Place    | Note
-------+----------+-------------------------------------------
     0 | D:1      | MisterFreud the Gnoll Wanderer began the quest for the Orb.
     0 | D:1      | MisterFreud set off with the following items: a +2 short
                  | sword, a +0 ring mail, a potion of lignification, a ration
     0 | D:1      | Reached XP level 1. HP: 23/23 MP: 1/1
   139 | D:1      | Reached XP level 2. HP: 29/29 MP: 2/2
   775 | D:1      | Reached XP level 3. HP: 33/35 MP: 3/3
   924 | D:2      | Noticed a bullfrog
   938 | D:2      | Killed a bullfrog
   938 | D:2      | Reached skill level 1 in Long Blades
   938 | D:2      | Reached skill level 1 in Axes
   938 | D:2      | Reached skill level 1 in Polearms
   938 | D:2      | Reached skill level 1 in Staves
   938 | D:2      | Reached skill level 1 in Slings
   938 | D:2      | Reached skill level 1 in Bows
   938 | D:2      | Reached skill level 1 in Crossbows
   938 | D:2      | Reached skill level 1 in Throwing
   938 | D:2      | Reached skill level 1 in Dodging
   938 | D:2      | Reached skill level 1 in Unarmed Combat
   938 | D:2      | Reached skill level 1 in Spellcasting
   938 | D:2      | Reached skill level 1 in Invocations
   938 | D:2      | Reached skill level 1 in Evocations
   938 | D:2      | Reached XP level 4. HP: 34/41 MP: 3/5
   941 | D:2      | Reached skill level 1 in Conjurations
   941 | D:2      | Reached skill level 1 in Hexes
   941 | D:2      | Reached skill level 1 in Charms
   941 | D:2      | Reached skill level 1 in Summonings
   941 | D:2      | Reached skill level 1 in Necromancy
   941 | D:2      | Reached skill level 1 in Translocations
   941 | D:2      | Reached skill level 1 in Transmutations
   941 | D:2      | Reached skill level 1 in Fire Magic
   941 | D:2      | Reached skill level 1 in Ice Magic
   941 | D:2      | Reached skill level 1 in Air Magic
   941 | D:2      | Reached skill level 1 in Earth Magic
   941 | D:2      | Reached skill level 1 in Poison Magic
  1067 | D:2      | Found an ancient bone altar of Kikubaaqudgha.
  1198 | D:2      | Reached XP level 5. HP: 47/47 MP: 6/6
  1413 | D:2      | Found a glowing golden altar of the Shining One.
  1425 | D:2      | Became a worshipper of the Shining One
  1564 | D:3      | Found a hide-covered altar of Uskayaw.
  1567 | D:3      | Found a sacrificial altar of Ru.
  1718 | D:3      | Noticed Robin
  1759 | D:3      | Killed Robin
  1875 | D:3      | Found an ornate altar of the Wu Jian Council.
  1885 | D:3      | Reached XP level 6. HP: 40/53 MP: 8/8
  2010 | D:3      | Noticed Ijyb
  2025 | D:3      | Killed Ijyb
  2329 | D:4      | Reached skill level 5 in Short Blades
  2329 | D:4      | Reached skill level 5 in Armour
  2798 | D:4      | Found a shadowy altar of Dithmenos.
  2810 | D:4      | Noticed a phantom
  2844 | D:4      | Killed a phantom
  2844 | D:4      | Reached * piety under the Shining One
  2844 | D:4      | Reached XP level 7. HP: 49/59 MP: 10/10
  2938 | D:4      | Reached skill level 7 in Fighting
  3135 | D:4      | Found a sparkling altar of Nemelex Xobeh.
  3519 | D:5      | Entered Level 5 of the Dungeon
  3520 | D:5      | You fall into a shaft and drop 3 floors!
  3522 | D:8      | Noticed Psyche
  3528 | D:8      | Noticed Maurice
  3554 | D:8      | Killed Psyche
  3554 | D:8      | Reached XP level 8. HP: 13/67 MP: 10/12
  3566 | D:8      | HP: 2/67 [Maurice/+2 dagger of chaos (7)]
  3566 | D:8      | Slain by Maurice

Illustrated notes

Levels and vault maps discovered:
D:1:      lightli_arrival_lavapool, layout_loops_ring, hangedman_glass_teeth,
          minmay_tiny_reverse_x
D:2:      layout_rooms, kiku_gazebo_pond_becter, lemuel_crystal_altar
D:3:      layout_basic, overflow_temple_1_default, grunt_temple_overflow_open,
          uniq_robin, uniq_ijyb
D:4:      layout_rooms, grunt_dithmenos_smoke, first_ration,
          nemelex_altar_shiori
D:5:      layout_basic, minmay_temple_entry_gardened_gates, basic_altar
D:8:      layout_basic, uniq_maurice, uniq_joseph, uniq_psyche

Skill      XL: |  1  2  3  4  5  6  7 |
---------------+----------------------+-----
Long Blades    | 1 2 |  2.9
Axes           | 1 2 |  2.9
Polearms       | 1 2 |  2.9
Staves         | 1 2 |  2.9
Slings         | 1 2 |  2.9
Bows           | 1 2 |  2.9
Crossbows      | 1 2 |  2.9
Throwing       | 1 2 |  2.9
Dodging        | 1 2 |  2.9
Unarmed Combat | 1 2 |  2.9
Spellcasting   | 1 2 |  2.9
Invocations    | 1 2 3 |  3.2
Evocations     | 1 2 |  2.9
Conjurations   | 1 2 |  2.3
Hexes          | 1 2 |  2.3
Charms         | 1 2 |  2.3
Summonings     | 1 2 |  2.3
Necromancy     | 1 2 |  2.3
Translocations | 1 2 |  2.3
Transmutations | 1 2 |  2.3
Fire Magic     | 1 2 |  2.3
Ice Magic      | 1 2 |  2.3
Air Magic      | 1 2 |  2.3
Earth Magic    | 1 2 |  2.3
Poison Magic   | 1 2 |  2.3
Maces & Flails | 3 4 |  4.0
Shields        | 3 4 |  4.0
Stealth        | 3 |  3.8
Short Blades   | 5 |  5.5
Armour         | 5 |  5.5
Fighting       | 7 |  7.2

Action                   |  1- 3 |  4- 6 |  7- 9 || total
-------------------------+-------+-------+-------++-------
Melee: Short sword       |    54 |    18 |       ||    72
       Bite              |     2 |    20 |     7 ||    29
       Rapier            |       |   169 |    52 ||   221
 Stab: Distracted        |     2 |       |       ||     2
       Sleeping          |     1 |     2 |       ||     3
  Eat: Chunk             |       |     5 |     3 ||     8
Armor: Ring mail         |    24 |    66 |    21 ||   111
Dodge: Dodged            |    20 |    80 |    23 ||   123
Block: Buckler           |    11 |    33 |    12 ||    56
